 Dungeon Crawl Stone Soup version 0.31-a0-988-g08d55dae12 (webtiles) character file.

Game seed: 8913494408928619010

1954 BinkBink the Covert (level 8, -3/43 HPs)
             Began as a Spriggan Hunter on Nov 5, 2023.
             Was a Follower of Dithmenos.
             Slain by a human
             ... wielding a +0 war axe
              (16 damage)
             ... in a bailey.
             The game lasted 00:09:51 (5153 turns).

BinkBink the Covert (Spriggan Hunter)               Turns: 5153, Time: 00:09:52

Health: -3/43      AC:  4    Str:  7    XL:     8   Next: 99%
Magic:  9/9        EV: 23    Int: 11    God:    Dithmenos [*.....]
Gold:   381        SH:  0    Dex: 20    Spells: 7/7 levels left

rFire   . . .        a - +0 shortbow
rCold   . . .        (shield currently unavailable)
rNeg    + . .        r - +1 robe of Dice, Bag, and Bottle {Contam +Blink rElec}
rPois   .            (helmet restricted)
rElec   +            o - +0 cloak
rCorr   .            (gloves unavailable)
SInv    +            (boots unavailable)
Will    +....        g - amulet of faith
Stlth   +++++        w - ring of positive energy
HPRegen 0.27/turn    (no ring)
MPRegen 0.11/turn

%: faith
@: about to teleport, wreathed by umbra, very quick
A: very small, no large weapons, unfitting armour, see invisible, speed 3
a: Renounce Religion, Evoke Blink


You were in a bailey.
You worshipped Dithmenos.
Dithmenos was aware of your devotion.
You visited 2 branches of the dungeon, and saw 8 of its levels.
You also visited: Bailey.

You collected 381 gold pieces.

Inventory:

Hand Weapons
 a - a +0 shortbow (weapon)
Armour
 o - a +0 cloak (worn)
 r - the +1 robe of Dice, Bag, and Bottle (worn) {Contam +Blink rElec}
   (You found it on level 3 of the Dungeon)

   rElec:     It insulates you from electricity.
   +Blink:    It lets you blink.
   Contam:    It causes magical contamination when unequipped.
 y - the +0 robe of Spaghetti {rCorr Dex-4 Archmagi}
   (You found it on level 6 of the Dungeon)

   Dex-4:     It affects your dexterity (-4).
   rCorr:     It protects you from acid and corrosion.
   Archmagi:  It increases the power of your magical spells.
Jewellery
 g - an amulet of faith (around neck)
 w - a ring of positive energy (left hand)
 A - an amulet of magic regeneration
Scrolls
 c - 3 scrolls of vulnerability {unknown}
 l - a scroll of teleportation
 m - 2 scrolls of noise {unknown}
 q - 2 scrolls of fog {unknown}
 s - 3 scrolls of blinking {unknown}
 u - a scroll of silence {unknown}
 x - 2 scrolls of revelation {unknown}
Potions
 d - 3 potions of berserk rage
 e - a potion of resistance {unknown}
 f - a potion of attraction {unknown}
 h - 2 potions of lignification
 i - a potion of enlightenment {unknown}
 j - a potion of heal wounds
 k - a potion of mutation {unknown}
 n - a potion of curing {unknown}
 p - a potion of magic {unknown}
 v - a potion of might {unknown}
 z - a potion of degeneration {unknown}


   Skills:
 + Level 5.1 Fighting
 + Level 7.1 Ranged Weapons
 + Level 8.1 Dodging
 + Level 9.1 Stealth


You had 7 spell levels left.
You didn't know any spells.
Your spell library contained the following spells:

 Spells                   Type           Power      Damage    Failure   Level
 Sting                    Tmut/Pois      0%         1d3       34%         1
 Summon Small Mammal      Summ           0%         N/A       34%         1
 Poisonous Vapours        Pois/Air       0%         N/A       47%         2
 Call Canine Familiar     Summ           0%         N/A       71%         3
 Ozocubu's Armour         Ice            0%         N/A       71%         3
 Summon Guardian Golem    Hex/Summ       0%         N/A       71%         3
 Olgreb's Toxic Radiance  Pois           0%         N/A       98%         4
 Summon Forest            Summ/Tloc      0%         N/A       100%        5
 Eringya's Noxious Bog    Tmut/Pois      0%         4d6       100%        6
 Ozocubu's Refrigeration  Ice            0%         4d7       100%        7
 Summon Hydra             Summ           0%         N/A       100%        7
 Discord                  Hex            0%         N/A       100%        8
 Ignition                 Fire           0%         3d3       100%        8


Dungeon Overview and Level Annotations

Branches:
Dungeon (7/15)             Temple (1/1) D:5          Bailey (1/1)

Altars:
Ashenzari
Dithmenos
Elyvilon
Fedhas
Gozag
Kikubaaqudgha
Makhleb
Nemelex Xobeh
Okawaru
Ru
Sif Muna
Trog
Uskayaw
Vehumet
Wu Jian
Xom
Yredelemnul
Zin
The Shining One

Shops:
D:2 =   D:3 (


Innate Abilities, Weirdness & Mutations

You are very small and have problems with some larger weapons.
You are too small for most types of armour.
You have supernaturally acute eyesight. (SInv)
You cover ground extremely quickly. (Speed+++)


Message History

Your butterfly dies!
Your butterfly disappears in a burst of colours!
The bullfrog closely misses your butterfly.
As you read the scroll of teleportation, it crumbles to dust.
You feel strangely unstable.
The bullfrog barely misses your butterfly.
The bullfrog closely misses your butterfly.
The hobgoblin completely misses you.
The hobgoblin hits your butterfly with a +0 hand axe.
Your butterfly dies!
Your butterfly disappears in a burst of colours!
The orc warrior misses your butterfly. The orc hits you with a +3 hand axe.
The orc closely misses your butterfly.
The orc completely misses your butterfly.
The orc barely misses your butterfly.
The orc hits your butterfly with a +3 hand axe.
Your butterfly dies!
Your butterfly disappears in a burst of colours!
The human barely misses your butterfly.
You shoot an arrow. The arrow hits the orc.
The orc is severely wounded.
The bullfrog misses your butterfly. The bullfrog hits your butterfly.
Your butterfly dies!
Your butterfly disappears in a burst of colours!
The hobgoblin completely misses you. The orc misses you.
The orc hits your butterfly with a +3 hand axe.
Your butterfly dies!
Your butterfly disappears in a burst of colours!
The orc hits your butterfly with a +3 hand axe.
Your butterfly dies!
Your butterfly disappears in a burst of colours!
The bullfrog releases a deep croak.
You shoot an arrow.
The arrow hits the orc but does no damage.
The orc is severely wounded.
The bullfrog closely misses you. The orc hits you but does no damage.
The orc closely misses your butterfly. The hobgoblin closely misses you.
The hobgoblin misses your butterfly. The orc misses you.
The orc misses your butterfly. The human hits you with a +0 war axe!
You die...

#####
##...##
#.....#
#.∩ob.#
#..pog#
##bo@##
#g#F#
...#FF
#...#~~~
#...#~~~~
#...##~~~#
#..## #+##
#..


You could see a human, an orc warrior, 3 bullfrogs, 2 orcs and 2 hobgoblins.

Vanquished Creatures
  A steam dragon (D:6)
  An ice beast (D:6)
  2 sky beasts (D:6)
  3 ogres
  2 phantoms
  3 scorpions
  4 wights (D:7)
  A gnoll bouda (D:5)
  3 jellies
  6 hounds
  2 orc priests (D:6)
  2 iguanas
  A sleepcap (D:5)
  An orc wizard (D:6)
  14 gnolls
  5 adders
  2 ufetubi (D:6)
  3 worms
  5 dart slugs
  10 orcs
  6 ball pythons
  3 bats
  8 endoplasms
  3 giant cockroaches
  7 goblins
  11 hobgoblins
  7 jackals (D:1)
  3 kobolds
  8 quokkas
  5 frilled lizards
  6 rats
138 creatures vanquished.

Vanquished Creatures (others)
  A human (D:6)
1 creature vanquished.

Grand Total: 139 creatures vanquished

Notes
Turn   | Place    | Note
-------+----------+-------------------------------------------
     0 | D:1      | BinkBink the Spriggan Hunter began the quest for the Orb.
     0 | D:1      | Reached XP level 1. HP: 10/10 MP: 2/2
   115 | D:1      | Reached skill level 2 in Stealth
   154 | D:1      | Reached XP level 2. HP: 13/15 MP: 3/3
   169 | D:1      | Found a faded altar of an unknown god.
   582 | D:1      | Reached XP level 3. HP: 18/18 MP: 4/4
   714 | D:2      | Found Sodez's Jewellery Shoppe.
   818 | D:2      | Reached skill level 3 in Stealth
  1046 | D:2      | Reached XP level 4. HP: 23/23 MP: 5/5
  1421 | D:3      | Found Kemnof's Weapon Emporium.
  1603 | D:3      | Reached XP level 5. HP: 27/27 MP: 6/6
  1699 | D:3      | Reached skill level 4 in Stealth
  1843 | D:3      | Identified the +1 robe of Dice, Bag, and Bottle {Contam
                  | +Blink rElec}
  2295 | D:4      | Found an iron altar of Okawaru.
  2495 | D:4      | Found a glowing silver altar of Zin.
  2570 | D:4      | Reached skill level 5 in Ranged Weapons
  2609 | D:4      | Reached XP level 6. HP: 32/32 MP: 7/7
  2701 | D:4      | Reached skill level 5 in Stealth
  2731 | D:4      | Found an opulent altar of Gozag.
  2902 | D:5      | Entered Level 5 of the Dungeon
  2957 | D:4      | Reached skill level 5 in Dodging
  2985 | D:5      | Found a staircase to the Ecumenical Temple.
  3064 | Temple   | Entered the Ecumenical Temple
  3134 | Temple   | Became a worshipper of Dithmenos the Shadowed
  3154 | D:5      | Reached XP level 7. HP: 25/36 MP: 8/8
  3172 | D:5      | Reached skill level 6 in Stealth
  3581 | D:5      | Reached skill level 7 in Stealth
  3966 | D:6      | Reached XP level 8. HP: 42/42 MP: 9/9
  4080 | D:6      | Reached skill level 8 in Stealth
  4121 | D:6      | Reached * piety under Dithmenos
  4368 | D:6      | Identified the +0 robe of Spaghetti {rCorr Dex-4 Archmagi}
  4705 | D:6      | Found a blossoming altar of Fedhas.
  4892 | D:6      | Found an ancient bone altar of Kikubaaqudgha.
  5038 | D:7      | Reached skill level 5 in Fighting
  5054 | D:7      | Reached skill level 9 in Stealth
  5121 | D:7      | Found a flagged portal.
  5128 | Bailey   | Entered a bailey
  5153 | Bailey   | Slain by a human

Illustrated notes

Levels and vault maps discovered:
D:1:      minmay_arrival_cross, layout_loops_ring,
          dreamdust_ecumenical_altar_angels_and_demons
D:2:      layout_loops_ring, serial_shops, shop
D:3:      layout_rooms, serial_shops, nicolae_shop_hallway_stairs,
          serial_rivers, chequers_serial_rivers_marsh,
          chequers_serial_rivers_small_b, chequers_serial_rivers_micro_c,
          chequers_serial_rivers_marsh, grunt_decor_arrowhead, st_stairs_6
D:4:      layout_basic, mainiacjoe_overflow_alcove_4, zin_scriptorium,
          overflow_temple_1_default, grunt_ministairs_4, cheibrodos_gnoll_hut
D:5:      layout_loops_cross, minmay_temple_entry_stoned_glass
D:6:      layout_basic, fedhas_ov_isle_minmay, tgw_kikubaaqudgha,
          kennysheep_boxes
D:7:      cheibrodos_quashed, layout_loops_cross, mainiacjoe_overflow_24_doors,
          enter_bailey_4, nicolae_shop_firing_range
Temple:   eino_temple_water
Bailey:   bailey_axe_froggy_fort_hellmonk, bailey

Skill      XL: |  1  2  3  4  5  6  7  8 |
---------------+-------------------------+-----
Stealth        | 2 3 4 5 7 9 |  9.1
Dodging        | 3 4 5 6 8 |  8.1
Fighting       | 2 3 4 5 |  5.1
Ranged Weapons | 5 6 7 |  7.1

Action                     |  1- 3 |  4- 6 |  7- 9 || total
---------------------------+-------+-------+-------++-------
   Fire: Shortbow          |   112 |   193 |   297 ||   602
    Use: Scroll            |     3 |       |     4 ||     7
 Armour: Robe              |    13 |    28 |    26 ||    67
  Dodge: Dodged            |    35 |    74 |   111 ||   220

Table legend: (Time is in decaauts)
 A = Elapsed time spent in this place.
 B = Non-inter-level travel time spent in this place.
 C = Inter-level travel time spent in this place.
 D = Time resting spent in this place.
 E = Time spent auto-exploring this place.
 F = Levels seen in this place.
 G = Mean time per level.
                   A        B        C        D        E       F      G
               +--------+--------+--------+--------+--------+-----+--------+
         Total |   3623 |   3431 |    192 |    187 |   2086 |   9 |  402.6 |
       Dungeon |   3543 |   3385 |    158 |    187 |   2063 |   7 |  506.1 |
        Temple |     59 |     25 |     34 |      0 |     23 |   1 |   59.0 |
        Bailey |     21 |     21 |      0 |      0 |      0 |   1 |   21.0 |
               +--------+--------+--------+--------+--------+-----+--------+

Top non-repeatable levels by time:
     D:6: 736 daAuts
     D:5: 680 daAuts
     D:4: 663 daAuts
     D:2: 528 daAuts
     D:1: 451 daAuts
     D:3: 389 daAuts
     D:7: 94 daAuts
  Temple: 59 daAuts
  Bailey: 21 daAuts
